 Dungeon Crawl Stone Soup version 0.22.1-2-g9c5b331383 (webtiles) character file.

82 Knorr the Skirmisher (level 4, -1/37 HPs)
             Began as a Demonspawn Abyssal Knight on Dec 31, 2018.
             Was a Follower of Lugonu.
             Slain by a centaur (8 damage)
             ... on level 3 of the Dungeon.
             The game lasted 00:13:31 (3236 turns).

Knorr the Skirmisher (Demonspawn Abyssal Knight)    Turns: 3236, Time: 00:13:32

Health: -1/37      AC:  8    Str: 13    XL:     4   Next: 21%
Magic:  5/5        EV: 11    Int: 13    God:    Lugonu [*.....]
Gold:   138        SH:  3    Dex: 13    Spells: 2/3 levels left

rFire    . . .     SeeInvis .   f - +1 rapier
rCold    . . .     Gourm    .   j - +0 buckler
rNeg     . . .     Faith    .   e - +2 leather armour {MR+}
rPois    +         Spirit   .   (no helmet)
rElec    .         Reflect  .   (no cloak)
rCorr    .         Harm     +   (no gloves)
MR       +....                  (no boots)
Stlth    +.........             d - amulet of harm
HPRegen  0.12/turn              g - ring of flight
MPRegen  0.09/turn              k - ring of poison resistance

@: no status effects
A: thin metallic scales 2
a: Depart the Abyss, Renounce Religion, Evoke Flight


You were on level 3 of the Dungeon.
You worshipped Lugonu.
Lugonu was aware of your devotion.
You were not hungry.

You visited 1 branch of the dungeon, and saw 3 of its levels.
You visited the Abyss 1 time.

You collected 138 gold pieces.

Inventory:

Hand Weapons
 f - a +1 rapier (weapon)
Missiles
 h - 85 stones (quivered)
Armour
 e - a +2 leather armour of magic resistance (worn)
 j - a +0 buckler (worn)
Jewellery
 d - an amulet of harm (around neck)
 g - a ring of flight (left hand)
 k - a ring of poison resistance (right hand)
Wands
 a - a wand of iceblast (8)
Scrolls
 b - a scroll of teleportation
 i - 4 scrolls of remove curse
Potions
 l - a potion of curing
 n - a potion of flight
Comestibles
 c - 5 chunks of flesh
 m - 2 rations


   Skills:
 + Level 4.0 Fighting
 + Level 0.6(1.3) Short Blades
   Level 1.8(1.9) Long Blades
 + Level 0.2 Throwing
 + Level 2.4 Armour
 + Level 1.6 Dodging
 * Level 0.1 Shields
 + Level 2.6 Invocations


You had 2 spell levels left.
You knew the following spells:

 Your Spells              Type           Power        Failure   Level  Hunger
a - Animate Skeleton      Necr           N/A          54%         1    ##.....

Your spell library contained the following spells:

 Spells                   Type           Power        Failure   Level  Hunger
 Apportation              Tloc           #.....       54%         1    ##.....
 Confusing Touch          Hex            #.....       54%         1    ##.....
 Summon Small Mammal      Summ           #...         54%         1    ##.....


Dungeon Overview and Level Annotations

Branches:
Dungeon (3/15)

Altars:
Nemelex Xobeh


Innate Abilities, Weirdness & Mutations

You are mostly covered in thin metallic scales. (AC +3)


Message History

The worm is lightly wounded.
The centaur unwields an uncursed shortbow.
The centaur hits your leopard gecko skeleton!
Your leopard gecko skeleton is destroyed!
You barely miss the worm.
The worm is lightly wounded.
The worm bites you.
The centaur hits you but does no damage.
You hit the worm.
The worm is heavily wounded.
The centaur closely misses you. The worm barely misses you.
The centaur wields an uncursed shortbow.
The centaur shoots an arrow.
The arrow hits you!
The centaur shoots an arrow.
The arrow hits you!
* * * LOW HITPOINT WARNING * * *
You see here 2 arrows.
The worm bites you but does no damage.
The centaur unwields an uncursed shortbow.
The centaur hits you!
You die...

.... . ... #g ... #. ..
#.##. #....## #... ..
...
#...gg###.#.#.#......
#wc...#.#.#.##..##
#@###.......##..#.
####(#...#.#..###....
..#........>..........#
..........###..........#
........................
####.....####..........#
#.............###....
#..........#..)....##
#######.)..#.......#


You could see a centaur, a worm and 2 hobgoblins.

Vanquished Creatures
  2 adders (D:2)
  An ooze (D:2)
  3 worms (D:2)
  2 dart slugs (D:2)
  2 leopard geckos (D:3)
  2 giant cockroaches (D:1)
  7 goblins
  4 hobgoblins
  3 jackals (D:1)
  A quokka (D:2)
  A ball python (D:2)
  5 bats
  3 frilled lizards
  5 kobolds
  5 rats
46 creatures vanquished.

Vanquished Creatures (collateral kills)
  A kobold (D:3)
1 creature vanquished.

Grand Total: 47 creatures vanquished

Notes
Turn   | Place    | Note
-------+----------+-------------------------------------------
     0 | Abyss:1  | Knorr the Demonspawn Abyssal Knight began the quest for the
                  | Orb.
     0 | Abyss:1  | Reached XP level 1. HP: 18/18 MP: 2/2
     3 | D:1      | Escaped the Abyss
   102 | D:1      | Reached skill level 1 in Dodging
   297 | D:1      | Reached * piety under Lugonu
   297 | D:1      | Gained mutation: You are partially covered in thin metallic
                  | scales. (AC +2) [demonic ancestry]
   297 | D:1      | Reached XP level 2. HP: 24/24 MP: 3/3
  1360 | D:2      | Reached XP level 3. HP: 30/30 MP: 4/4
  2107 | D:2      | Found a sparkling altar of Nemelex Xobeh.
  2594 | D:2      | Gained mutation: You are mostly covered in thin metallic
                  | scales. (AC +3) [demonic ancestry]
  2594 | D:2      | Reached XP level 4. HP: 16/37 MP: 5/5
  2885 | D:2      | Reached skill level 4 in Fighting
  3150 | D:3      | Learned a level 1 spell: Animate Skeleton
  3223 | D:3      | Noticed a centaur
  3236 | D:3      | Slain by a centaur

Skill      XL: |  1  2  3  4 |
---------------+-------------+-----
Dodging        | 1 |  1.6
Armour         | 2 |  2.4
Fighting       | 4 |  4.0
Short Blades   | |  0.6
Long Blades    | |  1.8
Throwing       | |  0.2
Shields        | |  0.1
Invocations    | |  2.6

Action                   |  1- 3 |  4- 6 || total
-------------------------+-------+-------++-------
Melee: Falchion          |    62 |       ||    62
       Rapier            |    68 |    32 ||   100
Throw: Stone             |    18 |       ||    18
 Cast: Animate Skeleton  |       |     2 ||     2
Invok: Depart the Abyss  |     1 |       ||     1
  Use: Scroll            |     7 |       ||     7
       Potion            |     3 |     1 ||     4
  Eat: Chunk             |     2 |       ||     2
       Ration            |     1 |     1 ||     2
Armor: Leather armour    |    49 |    14 ||    63
       Skin              |     2 |       ||     2
Dodge: Dodged            |    80 |    18 ||    98
Block: Buckler           |    19 |     2 ||    21
       Rpst.: Falchion   |    19 |       ||    19
